 Dungeon Crawl Stone Soup version 0.28.0-53-g5a82cb258f (webtiles) character file.

Game seed: 15529146856076629214

8897 Atelerd the Thaumaturge (level 11, -4/69 HPs)
             Began as an Octopode Earth Elementalist on June 11, 2022.
             Was a Priest of Sif Muna.
             Slain by a vampire (5 damage)
             ... on level 10 of the Dungeon.
             The game lasted 00:26:02 (12704 turns).

Atelerd the Thaumaturge (OpEE)                     Turns: 12704, Time: 00:26:02

Health: -4/69      AC:  1    Str:  8    XL:     11   Next: 38%
Magic:  24/24      EV: 14    Int: 22    God:    Sif Muna [***...]
Gold:   469        SH:  0    Dex: 12    Spells: 4/29 levels left

rFire   . . .      SeeInvis .   a - +1 dagger (venom)
rCold   . . .      Faith    .   (no shield)
rNeg    + . .      Spirit   .   (helmet restricted)
rPois   .          Reflect  .   B - amulet of regeneration
rElec   .          Harm     .   z - ring of positive energy
rCorr   .          Rampage  .   (no ring)
Will    .....                   (no ring)
Stlth   ++........              (no ring)
HPRegen 1.01/turn               (no ring)
MPRegen 0.19/turn               (no ring)
                                (no ring)
                                (no ring)

@: confused, brilliant, flying
A: almost no armour, amphibious, 8 rings, camouflage 1, gelatinous body 1,
(nimble swimmer 1), tentacles, deterioration 1
a: Renounce Religion, Channel Magic, Forget Spell


You were on level 10 of the Dungeon.
You worshipped Sif Muna.
Sif Muna was most pleased with you.
You visited 1 branch of the dungeon, and saw 11 of its levels.
You also visited: Bailey.

You collected 469 gold pieces.

Inventory:

Hand Weapons
 a - a +1 dagger of venom (weapon)
 n - a +0 dagger
Missiles
 C - a throwing net
Armour
 H - a +0 buckler
Magical Staves
 b - a staff of earth
Jewellery
 j - an amulet of magic regeneration
 m - an amulet of guardian spirit
 z - a ring of positive energy (left tentacle)
 B - an amulet of regeneration (around mantle)
Wands
 o - a wand of flame (12)
 y - a wand of polymorph (6)
Scrolls
 c - 3 scrolls of enchant armour
 d - 2 scrolls of magic mapping
 h - 2 scrolls of fog
 u - a scroll of noise {unknown}
 v - a scroll of brand weapon {unknown}
 w - a scroll of vulnerability
 x - 2 scrolls of enchant weapon
 D - 2 scrolls of fear
 I - a scroll of teleportation
 J - 2 scrolls of amnesia {unknown}
Potions
 g - 2 potions of degeneration
 i - a potion of berserk rage {unknown}
 p - a potion of invisibility
 q - a potion of attraction
 s - 2 potions of haste
 t - a potion of heal wounds {unknown}


   Skills:
 - Level 4.0 Fighting
 - Level 4.0 Short Blades
 - Level 0.5 Staves
 - Level 5.0 Dodging
 + Level 7.4 Stealth
 - Level 0.2 Unarmed Combat
 + Level 9.9 Spellcasting
 - Level 4.0 Conjurations
 + Level 1.8 Translocations
 - Level 5.0 Transmutations
 - Level 1.0 Fire Magic
 - Level 4.0 Air Magic
 * Level 5.3 Earth Magic
 - Level 2.0 Poison Magic
 - Level 5.0 Invocations


You had 4 spell levels left.
You knew the following spells:

 Your Spells              Type           Power      Damage    Failure   Level
a - Sandblast             Erth           100%       2d20      1%          1
b - Mephitic Cloud        Conj/Pois/Air  38%        N/A       4%          3
c - Iskenderun's Mystic   Conj/Tloc      35%        2d8       19%         4
f - Ignite Poison         Fire/Tmut/Pois 34%        N/A       6%          3
l - Lee's Rapid Deconstr  Erth           25%        3d15*     19%         5
p - Petrify               Tmut/Erth      50%        N/A       8%          4
u - Freezing Cloud        Conj/Ice/Air   17%        6-21      50%         5

Your spell library contained the following spells:

 Spells                   Type           Power      Damage    Failure   Level
 Passwall                 Tmut/Erth      41%        N/A       1%          2
 Static Discharge         Conj/Air       42%        N/A       1%          2
 Wereblood                Tmut           49%        N/A       1%          2
 Stone Arrow              Conj/Erth      94%        3d12      2%          3
 Corpse Rot               Necr/Air       58%        N/A       4%          2
 Scorch                   Fire           46%        2d7       6%          2
 Sublimation of Blood     Necr           16%        N/A       10%         2
 Flame Wave               Conj/Fire      32%        2d8       22%         4
 Fulminant Prism          Conj/Hex       14%        3d9       26%         4
 Dispel Undead            Necr           16%        3d10      52%         4
 Lightning Bolt           Conj/Air       21%        1d36      32%         5
 Death Channel            Necr           8%         N/A       100%        6
 Summon Cactus Giant      Summ           8%         N/A       100%        6
 Summon Hydra             Summ           8%         N/A       100%        7
 Maxwell's Capacitive Co  Air            21%        ∞         100%        8


Dungeon Overview and Level Annotations

Branches:
Dungeon (11/15)            Temple (0/1) D:7             Orc (0/2) D:11
 Bailey (visited)
   Lair: D:8-11

Altars:
Ashenzari
Sif Muna
Uskayaw

Shops:
D:7 [

Annotations:
D:8 3 runed translucent doors, Gabide's ghost, novice TeMo
D:9 4 runed translucent doors


Innate Abilities, Weirdness & Mutations

You cannot wear most types of armour.
You are amphibious.
You can wear up to eight rings at the same time.
Your skin changes colour to match your surroundings (Stealth+).
Your rubbery body absorbs attacks. (AC +1, EV +1)
((You are camouflaged when in or above water. (Stealth+)))
You have tentacles for arms and can constrict up to eight enemies at once.
Your body sometimes deteriorates upon taking damage.


Message History

Unknown command.
It was a potion of mutation.
You feel extremely strange.
You feel yourself wasting away.
* * * LOW HITPOINT WARNING * * *
It was a potion of might.
You feel very mighty all of a sudden.
You attack the rock wall.
Something hits you.
* * * LOW HITPOINT WARNING * * *
Something bites you.
* * * LOW HITPOINT WARNING * * *
It was a potion of cancellation.
Your magical effects are unravelling.
You feel magically purged.
Your magical contamination has completely faded away.
You feel less wooden.
You feel yourself slow down.
You flicker back into view.
You feel less confused.
You feel a little less mighty now.
You hear some strange, mumbled words.
Something tries to affect you, but you resist.
You feel less attractive to monsters.
You hear some strange, mumbled words.
Something tries to affect you, but you resist.
You hear some strange, mumbled words.
You are confused.
It was a potion of magic.
Magic courses through your body.
Okay, then.
You're too confused to cast spells.
You're too confused to cast spells.
You're too confused to cast spells.
It was a potion of flight.
You feel very buoyant.
You fly up into the air.
Okay, then.
You are too confused!
Unknown command.
It was a potion of brilliance.
You feel clever all of a sudden. Something hits you!
* * * LOW HITPOINT WARNING * * *
Something bites you.
You die...

.# ## .# #. .## #.#.. .)[
#.# #.# ###.#####
#.@.....# #.#.###.#
#.#..##.# #########
#.##.##.###.......#
...####.##.##.#.#.#####.#
......[...........#####.#
...#######.##.....##...>.
#.).......#.##.#
####........##.#


There were no monsters in sight!

Vanquished Creatures
  2 vault guards (Bailey)
  A two-headed ogre (D:9)
  Pikel (D:4)
  Joseph (D:7)
  Psyche (D:8)
  Prince Ribbit (Bailey)
  2 wyverns (D:9)
  3 humans (Bailey)
  A vampire (D:10)
  A steam dragon (D:9)
  Menkaure (D:7)
  An acid dragon (D:7)
  3 water moccasins
  An ice beast (D:7)
  4 orc warriors
  4 ogres
  5 centaurs
  A lemure (D:4)
  2 phantoms (D:5)
  Blork the orc (D:5)
  A kobold brigand (D:9)
  12 bullfrogs
  A wyvern zombie (D:8)
  3 scorpions
  A water moccasin skeleton (D:5)
  13 wights
  2 howler monkeys
  3 electric eels (D:6)
  2 bullfrog zombies (D:5)
  2 centaur zombies
  3 jellies
  5 hounds
  3 orc priests
  A bullfrog skeleton (D:6)
  2 gnoll shamans (D:5)
  3 iguanas
  8 orc wizards
  A killer bee zombie (D:9)
  13 gnolls
  7 adders
  2 shadow imps (D:6)
  2 white imps
  An adder skeleton (D:3)
  2 dart slugs
  34 orcs
  4 ball pythons
  8 endoplasms
  3 giant cockroaches
  5 goblins
  9 hobgoblins
  5 jackals
  3 quokkas
  5 bats
  5 frilled lizards
  10 kobolds
  6 rats
227 creatures vanquished.

Notes
Turn   | Place    | Note
-------+----------+-------------------------------------------
     0 | D:1      | Atelerd the Octopode Earth Elementalist began the quest for
                  | the Orb.
     0 | D:1      | Reached XP level 1. HP: 11/11 MP: 3/3
   292 | D:1      | Reached XP level 2. HP: 13/17 MP: 1/5
   464 | D:1      | Reached XP level 3. HP: 10/21 MP: 0/6
  1626 | D:2      | Found a shimmering blue altar of Sif Muna.
  1703 | D:2      | Became a worshipper of Sif Muna the Loreminder
  1738 | D:2      | Reached XP level 4. HP: 27/27 MP: 5/8
  1830 | D:2      | Reached skill level 3 in Spellcasting
  2355 | D:2      | Learned a level 3 spell: Mephitic Cloud
  2491 | D:3      | Reached XP level 5. HP: 28/32 MP: 9/9
  3068 | D:3      | Reached * piety under Sif Muna
  3641 | D:4      | Reached skill level 1 in Poison Magic
  3934 | D:4      | Reached skill level 1 in Air Magic
  4176 | D:4      | Reached skill level 1 in Conjurations
  4370 | D:4      | Reached XP level 6. HP: 37/37 MP: 9/11
  4378 | D:4      | Learned a level 4 spell: Petrify
  4382 | D:4      | Learned a level 3 spell: Ignite Poison
  4477 | D:4      | Noticed Pikel
  5074 | D:4      | Killed Pikel
  5075 | D:4      | Reached skill level 4 in Spellcasting
  5075 | D:4      | Reached XP level 7. HP: 18/42 MP: 11/13
  5740 | D:5      | Entered Level 5 of the Dungeon
  5771 | D:5      | Reached skill level 5 in Spellcasting
  5952 | D:5      | Reached XP level 8. HP: 47/47 MP: 13/15
  6398 | D:5      | Reached skill level 6 in Spellcasting
  6501 | D:5      | Noticed Blork the orc
  6520 | D:5      | Killed Blork the orc
  7319 | D:6      | Reached skill level 1 in Fighting
  7319 | D:6      | Reached XP level 9. HP: 53/53 MP: 14/18
  7338 | D:6      | Found a hide-covered altar of Uskayaw.
  7432 | D:6      | Found a broken altar of Ashenzari.
  7622 | D:6      | Reached skill level 1 in Invocations
  7824 | D:6      | Reached skill level 1 in Fire Magic
  7828 | D:6      | Reached skill level 1 in Short Blades
  7891 | D:6      | Reached ** piety under Sif Muna
  8077 | D:6      | Reached skill level 5 in Transmutations
  8543 | D:7      | Noticed Menkaure
  8553 | D:7      | Killed Menkaure
  8575 | D:7      | Found a flagged portal.
  8615 | Bailey   | Entered a bailey
  8811 | Bailey   | Reached skill level 7 in Spellcasting
  9038 | Bailey   | Reached XP level 10. HP: 41/63 MP: 8/20
  9262 | Bailey   | Noticed a vault guard
  9280 | Bailey   | Killed a vault guard
  9332 | Bailey   | Noticed Prince Ribbit
  9332 | Bailey   | Noticed a vault guard
  9362 | Bailey   | Killed Prince Ribbit
  9372 | Bailey   | Killed a vault guard
  9904 | D:7      | Found Opiepli's Antique Armour Shop.
 10009 | D:7      | Found a staircase to the Ecumenical Temple.
 10104 | D:7      | Noticed Joseph
 10115 | D:7      | Killed Joseph
 10116 | D:7      | Reached skill level 5 in Dodging
 10116 | D:7      | Reached skill level 8 in Spellcasting
 10116 | D:7      | Reached skill level 5 in Invocations
 10555 | D:8      | Reached *** piety under Sif Muna
 10559 | D:8      | Reached skill level 9 in Spellcasting
 10559 | D:8      | Reached XP level 11. HP: 54/69 MP: 17/24
 11063 | D:8      | Noticed Psyche
 11144 | D:8      | Killed Psyche
 11267 | D:8      | Found a runed translucent gate.
 11267 | D:8      | Found a runed translucent gate.
 11267 | D:8      | Found a runed translucent gate.
 11268 | D:8      | Noticed Gabide's ghost (novice TeMo)
 11476 | D:9      | Found a runed translucent door.
 11493 | D:9      | Found a runed translucent door.
 11522 | D:9      | Found a runed translucent door.
 11536 | D:9      | Found a runed translucent door.
 11579 | D:9      | Learned a level 5 spell: Freezing Cloud
 11585 | D:9      | Learned a level 5 spell: Lee's Rapid Deconstruction
 11590 | D:9      | Learned a level 4 spell: Iskenderun's Mystic Blast
 11704 | D:9      | Noticed a two-headed ogre
 11813 | D:9      | Killed a two-headed ogre
 11814 | D:9      | Reached skill level 1 in Translocations
 12050 | D:9      | Reached skill level 5 in Earth Magic
 12425 | D:9      | You fall into a shaft and drop 2 floors!
 12537 | D:11     | Found a staircase to the Orcish Mines.
 12591 | D:10     | Entered Level 10 of the Dungeon
 12691 | D:10     | HP: 4/103 [something (6)]
 12696 | D:10     | Gained mutation: Your body sometimes deteriorates upon
                  | taking damage. [potion of mutation]
 12698 | D:10     | HP: 3/103 [something (3)]
 12704 | D:10     | HP: 1/69 [something (7)]
 12704 | D:10     | Slain by a vampire

Illustrated notes

Levels and vault maps discovered:
D:1:      enne_arrival_octagon_isle, layout_rooms, minmay_crystal_water
D:2:      layout_loops_cross, basic_altar, dk_noncrumbling_4
D:3:      layout_basic, serial_curves, eino_curves_01, eino_curves_03,
          minmay_misc_feat_rugged, st_stairs_10, minmay_surrounded
D:4:      layout_layer_cave, uniq_pikel
D:5:      nicolae_cairo_tiling_very_big, layout_basic, uniq_blork_the_orc
D:6:      layout_gridville, mainiacjoe_overflow_two_lobes, kennysheep_boxes
D:7:      layout_basic, minmay_temple_entry_butterflies, enter_bailey_1,
          serial_shops, shop, uniq_menkaure, uniq_joseph
D:8:      layout_gridville, gammafunk_ghost_spectres, uniq_psyche
D:9:      layout_irregular_city, minmay_statue_crystal_thing
D:10:     layout_loops_cross, minmay_beelzebubs_servants
D:11:     layout_roguey, dpeg_lair_monsters, hiddenorc2_lemuel

Skill      XL: |  1  2  3  4  5  6  7  8  9 10 11 |
---------------+----------------------------------+-----
Earth Magic    | 4 5 |  5.3
Spellcasting   | 3 4 5 6 7 9 |  9.9
Stealth        | 3 6 7 |  7.4
Poison Magic   | 1 2 |  2.0
Air Magic      | 1 2 3 4 |  4.0
Conjurations   | 1 2 3 4 |  4.0
Transmutations | 2 4 5 |  5.0
Fighting       | 1 3 4 |  4.0
Invocations    | 3 5 |  5.0
Fire Magic     | 1 |  1.0
Short Blades   | 2 4 |  4.0
Dodging        | 3 5 |  5.0
Translocations | 1 |  1.8
Staves         | |  0.5
Unarmed Combat | |  0.2

Action                   |  1- 3 |  4- 6 |  7- 9 | 10-12 || total
-------------------------+-------+-------+-------+-------++-------
Melee: Unarmed           |     6 |       |       |       ||     6
       Staff             |    25 |     9 |     9 |    13 ||    56
       Constrict         |    11 |    19 |    17 |    22 ||    69
       Tentacles         |     6 |    19 |    17 |    30 ||    72
       Dagger            |     3 |    60 |    47 |    83 ||   193
       Punch             |       |     1 |       |     3 ||     4
 Cast: Sandblast         |    31 |    40 |    84 |    95 ||   250
       Mephitic Cloud    |       |     3 |     9 |    25 ||    37
       Petrify           |       |     1 |    10 |    28 ||    39
       Ignite Poison     |       |       |     4 |    14 ||    18
       Iskenderun's Myst |       |       |       |     3 ||     3
Invok: Channel Magic     |       |       |       |     4 ||     4
  Use: Scroll            |       |     7 |     2 |     3 ||    12
       Potion            |       |       |     1 |    13 ||    14
 Stab: Sleeping          |     2 |     6 |     3 |     2 ||    13
       Petrified         |       |       |    12 |    17 ||    29
       Confused          |       |       |     2 |     1 ||     3
       Petrifying        |       |       |     1 |     2 ||     3
Armor: Skin              |     2 |     4 |    20 |    27 ||    53
Dodge: Dodged            |    36 |    46 |    52 |    83 ||   217
